 Dungeon Crawl Stone Soup version 0.19-a0-1720-gc855d72 (webtiles) character file.

350 JeffiDaFish the Sneak (level 6, 0/30 HPs)
             Began as a Spriggan Enchanter on Sept 29, 2016.
             Was an Initiate of Dithmenos.
             Succumbed to qqqbard's ghost's poison
             ... on level 4 of the Dungeon.
             The game lasted 00:13:41 (4970 turns).

JeffiDaFish the Sneak (Spriggan Enchanter)          Turns: 4970, Time: 00:13:41

Health: 0/30       AC:  4    Str:  6 (8)  XL:     6   Next: 34%
Magic:  8/12       EV: 19    Int: 17 (18) God:    Dithmenos [......]
Gold:   89         SH:  0    Dex: 14 (16) Spells: 3 memorised, 6 levels left

rFire  . . .     SeeInvis +     n - +3 dagger (venom)
rCold  . . .     Gourm    .     b - +1 robe
rNeg   . . .     Faith    .     (shield restricted)
rPois  .         Spirit   .     (helmet restricted)
rElec  .         Dismiss  .     (no cloak)
rCorr  .         Reflect  .     (gloves unavailable)
MR     +....     Harm     .     (boots unavailable)
Stlth  ++++......               (no amulet)
                                (no ring)
                                l - +3 ring of strength

@: lethally poisoned (0 -> -19), very quick
A: unfitting armour, see invisible, herbivore 3, speed 3, slow metabolism 2
a: Renounce Religion


You were on level 4 of the Dungeon.
You worshipped Dithmenos.
Dithmenos was noncommittal.
You were not hungry.

You visited 2 branches of the dungeon, and saw 5 of its levels.

You collected 137 gold pieces.
You spent 48 gold pieces at shops.

Inventory:

Hand Weapons
 a - a +2 dagger
 f - a +1 dagger of venom
 n - a +3 dagger of venom (weapon)
Armour
 b - a +1 robe (worn)
Jewellery
 l - a +3 ring of strength (left hand)
Wands
 d - a wand of slowing (20/48)
Scrolls
 e - 4 scrolls of remove curse
 g - 4 scrolls of recharging
 h - 4 scrolls of identify
Potions
 o - a potion of beneficial mutation {unknown}
Books
 c - a book of Maledictions

   Spells                             Type                      Level
   a - Corona                         Hexes                        1
   b - Ensorcelled Hibernation        Hexes/Ice                    2
   c - Confuse                        Hexes                        3
   d - Tukima's Dance                 Hexes                        3
   e - Dazzling Spray                 Conjuration/Hexes            3
 m - a book of Flames

   Spells                             Type                      Level
   a - Flame Tongue                   Conjuration/Fire             1
   b - Throw Flame                    Conjuration/Fire             2
   c - Conjure Flame                  Conjuration/Fire             3
   d - Inner Flame                    Hexes/Fire                   3
   e - Sticky Flame                   Conjuration/Fire             4
   f - Fireball                       Conjuration/Fire             5
   Dithmenos disapproves of the use of such an item.
Comestibles
 i - a royal jelly
 j - 2 bread rations


   Skills:
 + Level 1.6 Fighting
 + Level 2.3 Short Blades
 + Level 4.0 Dodging
 + Level 6.8 Stealth
 + Level 3.6 Spellcasting
 + Level 4.7 Hexes
 * Level 1.7 Ice Magic


You had 6 spell levels left.
You knew the following spells:

 Your Spells              Type           Power        Failure   Level  Hunger
a - Corona                Hex            ###....      2%          1    None
b - Ensorcelled Hibernat  Hex/Ice        ##....       10%         2    ##.....
c - Confuse               Hex            ###.....     10%         3    ###....


Dungeon Overview and Level Annotations

Branches:
Dungeon (4/15)             Temple (1/1) D:4

Altars:
Ashenzari
Dithmenos
Nemelex Xobeh
Qazlal
Trog
Uskayaw
Xom
Yredelemnul
Lugonu

Shops:
D:4 (

Annotations:
D:4 qqqbard's ghost, amateur MiGl


Innate Abilities, Weirdness & Mutations

You are very small and have problems with some larger weapons.
You are too small for most types of armour.
You have supernaturally acute eyesight. (SInv)
You are a herbivore.
You cover ground extremely quickly.
You need consume almost no food.


Message History

You closely miss qqqbard's ghost.
Qqqbard's ghost is heavily damaged.
* * * LOW HITPOINT WARNING * * *
You feel sick.
You are too injured to fight recklessly!
* * * LOW HITPOINT WARNING * * *
You feel sick.
* * * LOW HITPOINT WARNING * * *
You feel sick.
* * * LOW HITPOINT WARNING * * *
You feel sick.
It was a potion of cancellation.
You feel magically purged.
* * * LOW HITPOINT WARNING * * *
You feel sick.
* * * LOW HITPOINT WARNING * * *
You feel sick.
* * * LOW HITPOINT WARNING * * *
You feel sick.
Qqqbard's ghost ripples.
You die...

.........^§≈≈..^##^≈.#
.#######..^^...≈.^(..#
.# #......_......# .#
##.≈......≈^..# ##
#.##^........# #
#^#≈#≈..#^^..#
#§###§.^#.#≈.#
##^.^≈.W^....#
#####..@...## ########


You could see qqqbard's ghost.

Vanquished Creatures
  A centaur (D:4)
  Ijyb (D:3)
  2 worker ants (D:4)
  3 gnolls
  9 adders
  An ooze (D:4)
  2 worms
  3 dart slugs
  3 leopard geckos
  2 orcs (D:3)
  5 bats
  3 giant cockroaches
  2 goblins
  7 hobgoblins
  12 jackals
  2 quokkas
  2 ball pythons
  3 frilled lizards
  2 kobolds
  7 rats
  2 bushes (D:2)
  2 plants (D:2)
76 creatures vanquished.

Vanquished Creatures (others)
  A bat (D:1)
1 creature vanquished.

Grand Total: 77 creatures vanquished

Notes
Turn   | Place    | Note
-------+----------+-------------------------------------------
     0 | D:1      | JeffiDaFish the Spriggan Enchanter began the quest for the Orb.
     0 | D:1      | Reached XP level 1. HP: 9/9 MP: 5/5
   491 | D:1      | Reached skill level 5 in Stealth
   491 | D:1      | Reached XP level 2. HP: 13/13 MP: 6/6
   505 | D:1      | Learned a level 2 spell: Ensorcelled Hibernation
  1139 | D:1      | Reached XP level 3. HP: 16/16 MP: 0/8
  1608 | D:2      | Found a sparkling altar of Nemelex Xobeh.
  1818 | D:2      | Learned a level 3 spell: Confuse
  1962 | D:2      | Found a shimmering altar of Xom.
  1979 | D:2      | Reached XP level 4. HP: 21/21 MP: 9/9
  2132 | D:2      | Reached skill level 6 in Stealth
  2276 | D:2      | Found a basalt altar of Yredelemnul.
  2920 | D:3      | Found a shattered altar of Ashenzari.
  2941 | D:3      | Noticed Ijyb
  2948 | D:3      | Killed Ijyb
  3321 | D:3      | Reached XP level 5. HP: 25/25 MP: 11/11
  3563 | D:3      | Reached skill level 1 in Fighting
  3760 | D:4      | Noticed a centaur
  3765 | D:4      | Killed a centaur
  3765 | D:4      | Reached skill level 1 in Ice Magic
  3799 | D:4      | Found a staircase to the Ecumenical Temple.
  3805 | D:4      | Reached XP level 6. HP: 30/30 MP: 7/12
  3807 | D:4      | Found a stormy altar of Qazlal.
  3819 | Temple   | Entered the Ecumenical Temple
  3833 | Temple   | Became a worshipper of Dithmenos the Shadowed
  4337 | D:4      | Found Jiynimaede's Antique Weapon Shoppe.
  4340 | D:4      | Bought a runed dagger for 48 gold pieces
  4426 | D:4      | Noticed qqqbard's ghost (amateur MiGl)
  4969 | D:4      | HP: 1/30 [poisoned by qqqbard's ghost]
  4970 | D:4      | Succumbed to qqqbard's ghost's poison

Vault maps used:
D:1:      ncdulo_halloftheorcs, columned_hall_lemuel, st_stairs_4,
          minmay_pentomino_v2
D:2:      nicolae_overflow_crystal_walls, lemuel_crystal_altar,
          nemelex_xobeh_ov_fountains_minmay, serial_forest,
          infiniplex_forest_clump_diagonal, infiniplex_forest_end_2,
          infiniplex_forest_split, infiniplex_forest_straight_5,
          infiniplex_forest_diagonal, infiniplex_forest_lined_ring,
          infiniplex_forest_clump_small, uniq_iyjb
D:3:      nicolae_ashenzari_panopticon, first_bread
D:4:      grunt_qazlal_sundering, serial_shops, nicolae_shop_behind_doors
Temple:   corrupted_temple

Skill      XL: |  1  2  3  4  5 |
---------------+----------------+-----
Stealth        | 5 6 |  6.8
Hexes          | 4 |  4.7
Spellcasting   | 3 |  3.6
Fighting       | 1 |  1.6
Short Blades   | 2 |  2.3
Dodging        | 4 |  4.0
Ice Magic      | 1 |  1.7

Action                   |  1- 3 |  4- 6 || total
-------------------------+-------+-------++-------
Melee: Dagger            |   149 |   303 ||   452
 Cast: Ensorcelled Hiber |     6 |    11 ||    17
       Confuse           |     1 |    17 ||    18
  Use: Scroll            |     4 |     5 ||     9
       Potion            |     1 |     4 ||     5
 Stab: Sleeping          |    11 |    21 ||    32
       Confused          |     1 |     4 ||     5
  Eat: Bread ration      |       |     1 ||     1
Armor: Robe              |    18 |     4 ||    22
Dodge: Dodged            |   114 |    49 ||   163
